AoeStats
← Iguano Pop

Arabian Desert

509295381Analyzed
1v1 RM · 6d ago on Sep 26, 2026· 30m 38s· 2 players
Game mode
Random Map
Map size
Tiny (2 player)
Population
200
Speed
Normal
Resources
Standard
Victory
Conquest
Starting age
Dark Age
Ending age
Imperial Age
RankedLock teamsTeams togetherTeam positionsShared explorationLock speedFull tech treeHidden civsTurbo modeCheats
Victory
Defeat
🇫🇷 Khmer · France
1403
+14
🇲🇽 Huns · Mexico
1361
-14
Iguano Pop
6:44 Loom
9:17 Feudal Age
9:30 Man-at-Arms
20:11 Double-Bit Axe
21:35 Town Watch
24:52 Castle Age
24:31 Fletching
24:54 Crossbowman
27:13 Padded Archer Armor
27:11 Bodkin Arrow
Jean-Cloud
8:45 Feudal Age
8:58 Loom
9:43 Double-Bit Axe
15:09 Scale Barding Armor
20:03 Castle Age
18:38 Scale Barding Armor
19:05 Bloodlines
19:37 Forging
20:10 Light Cavalry
20:39 Horse Collar
24:57 Husbandry
25:58 Bow Saw
26:59 Gold Mining
28:53 Chain Barding Armor
31:19 Iron Casting
Connection lost

Rejoining the realm…

Still unreachable

The connection could not be restored.

Session expired

The server has moved on; the page needs a fresh start.